 Dungeon Crawl Stone Soup version 0.26-a0-478-g6c97825307 (webtiles) character file.

Game seed: 12464631259015468270

212 Infinimo the Skirmisher (level 5, -8/42 HPs)
             Began as a Demonspawn Fighter on Aug 1, 2020.
             Killed by nerve-wracking pain
             ... invoked by a shadow imp
              (13 damage)
             ... on level 3 of the Dungeon.
             The game lasted 00:02:38 (3207 turns).

Infinimo the Skirmisher (Demonspawn Fighter)        Turns: 3207, Time: 00:02:39

Health: -8/42      AC:  6    Str: 17    XL:     5   Next: 58%
Magic:  5/5        EV:  7    Int:  9    God:
Gold:   223        SH:  9    Dex: 13    Spells: 4/4 levels left

rFire    . . .     SeeInvis .   a - +0 long sword
rCold    . . .     Faith    .   c - +0 kite shield
rNeg     . . .     Spirit   .   b - +0 scale mail
rPois    .         Reflect  .   (no helmet)
rElec    .         Harm     .   (no cloak)
rCorr    .                      (no gloves)
MR       .....                  (no boots)
Stlth    ..........             (no amulet)
HPRegen  0.14/turn              (no ring)
MPRegen  0.09/turn              (no ring)

@: mighty
A: powered by pain 2
a: no special abilities


You were on level 3 of the Dungeon.
You visited 1 branch of the dungeon, and saw 3 of its levels.

You collected 223 gold pieces.

Inventory:

Hand Weapons
 a - a +0 long sword (weapon)
Missiles
 i - 46 poisoned darts (quivered)
Armour
 b - a +0 scale mail (worn)
 c - a +0 kite shield (worn)
Wands
 q - a wand of clouds (7)
Scrolls
 h - 4 scrolls of identify {unknown}
 k - 3 scrolls of remove curse {unknown}
 l - 2 scrolls of magic mapping {unknown}
 m - a scroll of random uselessness {unknown}
 o - a scroll of fog {unknown}
Potions
 d - a potion of might
 e - a potion of magic {unknown}
 f - a potion of mutation {unknown}
 g - 2 potions of invisibility {unknown}
 j - a potion of heal wounds {unknown}
 n - 4 potions of ambrosia {unknown}
 p - a potion of degeneration {unknown}


   Skills:
 + Level 3.9 Fighting
 * Level 3.6 Long Blades
 + Level 3.5 Armour
 + Level 3.5 Shields


You had 4 spell levels left.
You didn't know any spells.
Your spell library was empty.

Dungeon Overview and Level Annotations

Branches:
Dungeon (3/15)

Altars:
Fedhas
Hepliaklqana
Kikubaaqudgha
Uskayaw
Wu Jian
Xom

Annotations:
D:3 1 transporter


Innate Abilities, Weirdness & Mutations

You sometimes gain power by taking damage.


Message History

The orc priest calls down the wrath of Beogh upon you.
Pain shoots through your body!
The orc priest is engulfed in poison gas.
The orc priest looks even sicker.
You kill the orc priest!
A shadow imp is nearby!
The shadow imp lashes its tail.
The shadow imp puffs mist at you.
The shadow imp lashes its tail.
The shadow imp gestures at you. Pain shoots through your body!
The shadow imp gestures at you. Pain shoots through your body!
* * * LOW HITPOINT WARNING * * *
You focus on the pain.
You feel very mighty all of a sudden.
The shadow imp shouts, "Back with thee, thou horrid dizzy-eyed snaffler!"
The shadow imp gestures at you. Pain shoots through your body!
You die...

# #)#...#.#.................## #
#.#####.#################..# #
#.#.....#..................#
#####.#.#####.###############..##
...##'#.# #.#8P#55.....#≈8#...#
##......# ##.#P.#≈≈≈≈≈≈≈#.P#.#.#
.##.....# ##..#..#..≈≈≈..#[$#...#
.###....# #..©#©.'..P⌠≈..+)©#©.[#
.# #....###...#.@#..≈≈≈..#.$#..##
####....##..#.#P.#≈≈≈≈≈≈≈#.P#.##
_8##.'#.....#.#8P#5o(....#≈8#.#
≈##.........#.###############.#
≈##.........#.................#
##..........###################
#...........# ).........###
.#........#


You could see an orc priest and 3 shadow imps.

Vanquished Creatures
  An orc priest (D:3)
  Jessica (D:2)
  7 gnolls
  An adder (D:3)
  3 oozes
  A worm (D:3)
  A dart slug (D:2)
  2 leopard geckos (D:1)
  6 bats
  4 giant cockroaches
  6 goblins
  6 hobgoblins
  10 jackals
  3 kobolds (D:3)
  3 quokkas (D:2)
  2 frilled lizards
  8 rats
65 creatures vanquished.

Notes
Turn   | Place    | Note
-------+----------+-------------------------------------------
     0 | D:1      | Infinimo the Demonspawn Fighter began the quest for the
                  | Orb.
     0 | D:1      | Reached XP level 1. HP: 18/18 MP: 1/1
   179 | D:1      | Gained mutation: You sometimes gain a little power by
                  | taking damage. [demonic ancestry]
   179 | D:1      | Reached XP level 2. HP: 18/24 MP: 2/2
   932 | D:2      | Reached XP level 3. HP: 24/29 MP: 3/3
  1177 | D:2      | Reached XP level 4. HP: 24/35 MP: 4/4
  1303 | D:2      | Found a shimmering altar of Xom.
  1752 | D:2      | Noticed Jessica
  1758 | D:2      | Killed Jessica
  1907 | D:3      | Found a transporter.
  1926 | D:3      | Found a transporter.
  1988 | D:3      | Found an ornate altar of the Wu Jian Council.
  2029 | D:3      | Gained mutation: You sometimes gain power by taking damage.
                  | [demonic ancestry]
  2029 | D:3      | Reached XP level 5. HP: 40/42 MP: 5/5
  2202 | D:3      | Found a blossoming altar of Fedhas.
  2202 | D:3      | Found a hazy altar of Hepliaklqana.
  2203 | D:3      | Found an ancient bone altar of Kikubaaqudgha.
  2437 | D:3      | Found a hide-covered altar of Uskayaw.
  3207 | D:3      | Killed from afar by a shadow imp

Illustrated notes

Levels and vault maps discovered:
D:1:      onia_arrival_pentagram, layout_basic
D:2:      layout_basic, lemuel_crystal_altar, uniq_jessica
D:3:      gammafunk_wand_slinger, layout_basic, nicolae_overflow_hidden_temple,
          gammafunk_temple_overflow_claw, lemuel_crystal_altar, serial_forest,
          infiniplex_forest_fountain, infiniplex_forest_clump_tiny,
          infiniplex_forest_clump_small, infiniplex_forest_end_2,
          infiniplex_forest_clump_large

Skill      XL: |  1  2  3  4 |
---------------+-------------+-----
Long Blades    | 2 3 |  3.6
Armour         | 3 |  3.5
Shields        | 3 |  3.5
Fighting       | |  3.9

Action                   |  1- 3 |  4- 6 || total
-------------------------+-------+-------++-------
Melee: Long sword        |    67 |   131 ||   198
Throw: Dart              |    18 |     3 ||    21
Evoke: Wand              |       |     1 ||     1
Armor: Scale mail        |    36 |    52 ||    88
Dodge: Dodged            |    22 |    33 ||    55
Block: Kite shield       |    50 |    62 ||   112
       Rpst.: Long sword |     8 |    11 ||    19

Table legend: (Time is in decaauts)
 A = Elapsed time spent in this place.
 B = Non-inter-level travel time spent in this place.
 C = Inter-level travel time spent in this place.
 D = Time resting spent in this place.
 E = Time spent auto-exploring this place.
 F = Levels seen in this place.
 G = Mean time per level.
                   A        B        C        D        E       F      G
               +--------+--------+--------+--------+--------+-----+--------+
         Total |   3275 |   3158 |    117 |      5 |   2548 |   3 | 1091.7 |
       Dungeon |   3275 |   3158 |    117 |      5 |   2548 |   3 | 1091.7 |
               +--------+--------+--------+--------+--------+-----+--------+

Top non-repeatable levels by time:
     D:3: 1410 daAuts
     D:2: 951 daAuts
     D:1: 913 daAuts
